 Dungeon Crawl Stone Soup version 0.26.0-20-g3ca415f5b8 (webtiles) character file.

Game seed: 14863290386128254309

515 kaeus the Skirmisher (level 7, -2/48 HPs)
             Began as an Octopode Fighter on Jan 25, 2021.
             Was an Initiate of Gozag.
             Slain by a gnoll
             ... wielding a cursed -3 spear
              (9 damage)
             ... on level 5 of the Dungeon.
             The game lasted 00:03:24 (4540 turns).

kaeus the Skirmisher (Octopode Fighter)             Turns: 4540, Time: 00:03:25

Health: -2/48      AC:  1    Str: 15    XL:     7   Next: 20%
Magic:  10/10      EV: 13    Int: 16    God:    Gozag
Gold:   207        SH:  9    Dex: 14    Spells: 10/10 levels left

rFire    . . .     SeeInvis .   w - +4 dagger (drain)
rCold    . . .     Faith    .   a - +0 kite shield
rNeg     . . .     Spirit   .   (helmet restricted)
rPois    .         Reflect  .   (no amulet)
rElec    .         Harm     .   k - +6 ring of intelligence
rCorr    .         Rampage  .   (no ring)
Will     .....                  (no ring)
Stlth    +++.......             (no ring)
HPRegen  0.16/turn              (no ring)
MPRegen  0.12/turn              (no ring)
                                (no ring)
                                (no ring)

@: gold aura
A: almost no armour, stealthy swim, amphibious, 8 rings, constrict 8, camouflage
1, gelatinous body 1
a: Renounce Religion, Potion Petition, Call Merchant, Bribe Branch


You were on level 5 of the Dungeon.
You worshipped Gozag.
Gozag was aware of your devotion.
You visited 2 branches of the dungeon, and saw 6 of its levels.

You collected 269 gold pieces.
You paid 62 gold pieces to Gozag.

Inventory:

Hand Weapons
 w - a +4 dagger of draining (weapon)
Armour
 a - a +0 kite shield (worn)
Jewellery
 k - a +6 ring of intelligence (left tentacle)
 q - an uncursed ring of magical power {unknown}
Wands
 p - a wand of iceblast (9)
 s - a wand of polymorph (11)
 t - a wand of random effects (17)
 v - a wand of digging (4)
Scrolls
 d - a scroll of fog
 g - 2 scrolls of blinking {unknown}
 h - a scroll of fear {unknown}
 j - a scroll of immolation {unknown}
 m - a scroll of amnesia
 n - a scroll of enchant armour {unknown}
Potions
 b - 2 potions of might
 c - a potion of lignification {unknown}
 e - 2 potions of heal wounds
 f - a potion of berserk rage {unknown}
 i - a potion of brilliance {unknown}
 l - 2 potions of attraction {unknown}
 o - 2 potions of curing {unknown}
 r - a potion of haste {unknown}
 u - a potion of cancellation {unknown}


   Skills:
 + Level 4.2 Fighting
 + Level 4.0 Dodging
 + Level 3.3 Stealth
 + Level 4.0 Shields
 + Level 3.3 Unarmed Combat
 + Level 2.2 Spellcasting
 + Level 2.4 Transmutations


You had 10 spell levels left.
You didn't know any spells.
Your spell library contained the following spells:

 Spells                   Type           Power        Failure   Level
 Magic Dart               Conj           4%           63%         1
 Blink                    Tloc           N/A          77%         2
 Call Imp                 Summ           1%           77%         2
 Slow                     Hex            1%           77%         2
 Conjure Flame            Conj/Fire      1%           94%         3
 Mephitic Cloud           Conj/Pois/Air  1%           94%         3


Dungeon Overview and Level Annotations

Branches:
Dungeon (5/15)             Temple (1/1) D:4

Altars:
Ashenzari
Cheibriados
Dithmenos
Elyvilon
Fedhas
Gozag
Hepliaklqana
Makhleb
Nemelex Xobeh
Qazlal
Ru
Sif Muna
Trog
Wu Jian
Xom
Yredelemnul
Zin
The Shining One


Innate Abilities, Weirdness & Mutations

You cannot wear most types of armour.
You are very stealthy in the water. (Stealth+)
You are amphibious.
You can wear up to eight rings at the same time.
You can use your tentacles to constrict eight enemies at once.
Your skin changes colour to match your surroundings (Stealth+).
Your rubbery body absorbs attacks. (AC +1, EV +1)


Message History

You squeeze the gnoll.
You kill the gnoll!
The gnoll hits you from afar with a +0 spear.
You take 4 damage, and have 24/48 hp.
The gnoll closely misses you. The gnoll hits you with a +0 spear!
Things that are here:
6 gold pieces; a +0 club You take 8 damage, and have 16/48 hp.
You hit the gnoll. You grab the gnoll.
The gnoll is lightly wounded.
You constrict the gnoll. You block the gnoll's attack. x2
The gnoll hits you but does no damage.
You hit the gnoll.
You tentacle-slap the gnoll, but do no damage.
The gnoll is heavily wounded.
You constrict the gnoll. The gnoll hits you with a +0 spear!
* * * LOW HITPOINT WARNING * * *
The gnoll hits you from afar with a cursed -3 spear!
You die...
Your body crumbles into a pile of gold.

###...... #
......... $#
.....?..#######
####
....#.........>
#...
.......$..>...#
#.#. $
..............#
#.#. #.$.$g......#
#.## #g# #.## #@#
#... #.# #### #.#
#.# #.##########
## #.......[..# #.
##########.######.
#................
#.#####.#.#######


You could see 2 gnolls.

Vanquished Creatures
  A phantom (D:4)
  A scorpion (D:5)
  An orc priest (D:4)
  A centaur zombie (D:4)
  Natasha (thrice) (D:3)
  2 orc wizards
  5 adders
  2 gnolls (D:5)
  3 worms
  4 dart slugs
  3 leopard geckos
  16 orcs
  2 giant cockroaches
  9 goblins
  8 hobgoblins
  A ball python (D:2)
  9 bats
  5 frilled lizards
  9 kobolds
  12 rats
97 creatures vanquished.

Vanquished Creatures (others)
  2 plants (D:4)
2 creatures vanquished.

Grand Total: 99 creatures vanquished

Notes
Turn   | Place    | Note
-------+----------+-------------------------------------------
     0 | D:1      | kaeus the Octopode Fighter began the quest for the Orb.
     0 | D:1      | Reached XP level 1. HP: 16/16 MP: 1/1
   197 | D:1      | Reached XP level 2. HP: 21/21 MP: 2/2
   554 | D:1      | Reached skill level 1 in Stealth
   896 | D:2      | Reached XP level 3. HP: 26/26 MP: 3/3
   976 | D:2      | Reached XP level 4. HP: 31/31 MP: 5/5
  1071 | D:2      | Reached skill level 1 in Spellcasting
  1101 | D:2      | Reached skill level 1 in Transmutations
  1885 | D:3      | Found a stormy altar of Qazlal.
  1941 | D:3      | Reached XP level 5. HP: 31/36 MP: 6/6
  1994 | D:3      | Noticed Natasha
  2026 | D:3      | Killed Natasha
  2312 | D:3      | Noticed Natasha
  2321 | D:3      | Killed Natasha
  2584 | D:3      | Noticed Natasha
  2592 | D:3      | Killed Natasha
  2593 | D:3      | Reached XP level 6. HP: 23/43 MP: 8/8
  3127 | D:4      | Found a staircase to the Ecumenical Temple.
  3332 | Temple   | Entered the Ecumenical Temple
  3441 | Temple   | Became a worshipper of Gozag Ym Sagoz the Greedy
  3837 | D:4      | Noticed a phantom
  3873 | D:4      | Killed a phantom
  3874 | D:4      | Reached XP level 7. HP: 28/48 MP: 10/10
  4129 | D:4      | Found a hazy altar of Hepliaklqana.
  4263 | D:5      | Entered Level 5 of the Dungeon
  4540 | D:5      | Slain by a gnoll

Illustrated notes

Levels and vault maps discovered:
D:1:      noname_arrival_rooms_in_the_neighbourhood, layout_basic, serial_glass,
          glass_columns_c, glass_columns_a, glass_columns_c, glass_columns_b,
          glass_columns_a, glass_columns_a
D:2:      layout_loops_ring, st_stairs_12
D:3:      layout_rooms, lemuel_doored_altar, uniq_natasha
D:4:      layout_basic, lemuel_crystal_altar, temple_fountains, serial_curves,
          eino_curves_02, eino_curves_02, chequers_serial_rivers_micro_d,
          serial_bayou_pond_d
D:5:      lemuel_ice_spiral_2, layout_basic, minivault_27
Temple:   kb_temple_of_zot

Skill      XL: |  1  2  3  4  5  6  7 |
---------------+----------------------+-----
Stealth        | 1 2 3 |  3.3
Spellcasting   | 1 2 |  2.2
Transmutations | 1 2 |  2.4
Unarmed Combat | 3 |  3.3
Fighting       | 4 |  4.2
Dodging        | 4 |  4.0
Shields        | 4 |  4.0

Action                   |  1- 3 |  4- 6 |  7- 9 || total
-------------------------+-------+-------+-------++-------
Melee: Dagger            |    76 |   166 |    13 ||   255
       Unarmed           |     8 |       |       ||     8
       Constrict         |    23 |    43 |     3 ||    69
       Tentacles         |    14 |    40 |     2 ||    56
       Punch             |     3 |     6 |     1 ||    10
  Use: Scroll            |       |     5 |       ||     5
       Potion            |       |     1 |       ||     1
 Stab: Sleeping          |     3 |     9 |     1 ||    13
Armor: Skin              |     8 |     6 |     1 ||    15
Dodge: Dodged            |    43 |    54 |     5 ||   102
Block: Kite shield       |    48 |    52 |     6 ||   106
